ABL
EAST SYDNEY ROOSTERS @ WESTS TIGERS
05/29/2022
 
TOP OF THE 1ST
East Sydney Roosters batting - Pitching for Wests Tigers : RHP Steven Webster
Pitching: RHP Steven Webster
Batting: RHB Irving Dorset 0-0: Called Strike
0-1: Ball
1-1: Swinging Strike
1-2: Ground out 6-3 (Groundball, 56D, EV 96.3 MPH)
Batting: LHB Kole Hancock 0-0: Called Strike
0-1: Ground out 5-3 (Groundball, 56S, EV 71.3 MPH)
Batting: SHB Daren Simmons 0-0: Called Strike
0-1: Called Strike
0-2: Ball
1-2: Foul Ball, location: 2F
1-2: SINGLE (Groundball, 6MD, EV 101.9 MPH)
Batting: LHB Tal-hun Uhm 0-0: Foul Ball, location: 25FF
0-1: Fly out, F4 (Popup, 4S, EV 66.3 MPH)
Top of the 1st over - 0 runs, 1 hit, 0 errors, 1 left on base; East Sydney 0 - Wests 0
BOTTOM OF THE 1ST
Wests Tigers batting - Pitching for East Sydney Roosters : RHP Ron Anderson
Pitching: RHP Ron Anderson
Batting: RHB Luke Fowke 0-0: Foul Ball, location: 9LSF
0-1: Swinging Strike
0-2: Ball
1-2: Fly out, F8 (Flyball, 8LD, EV 110.6 MPH)
Batting: RHB Joel Farrell 0-0: Ball
1-0: Ball
2-0: Called Strike
2-1: Ball
3-1: Base on Balls
Batting: LHB Greyson Leeder 0-0: Foul Ball, location: 2F
0-1: Called Strike
0-2: Strikes out swinging
Batting: LHB Daniel Bryan 0-0: Ball
1-0: Ball
2-0: Called Strike
2-1: Foul Ball, location: 2F
2-2: Strikes out swinging
Bottom of the 1st over - 0 runs, 0 hits, 0 errors, 1 left on base; East Sydney 0 - Wests 0
TOP OF THE 2ND
East Sydney Roosters batting - Pitching for Wests Tigers : RHP Steven Webster
Batting: LHB Cristian Trewhella 0-0: Ball
1-0: Ball
2-0: Ball
3-0: Called Strike
3-1: Called Strike
3-2: Foul Ball, location: 9LMF
3-2: Fly out, F8 (Flyball, 8RM, EV 94.4 MPH)
Batting: RHB Tommie Milsom 0-0: Called Strike
0-1: Fly out, F8 (Line Drive, 89M, EV 83.8 MPH)
Batting: RHB Joel Nicholson 0-0: Ball
1-0: Ground out 1-3 (Groundball, 15S, EV 70.6 MPH)
Top of the 2nd over - 0 runs, 0 hits, 0 errors, 0 left on base; East Sydney 0 - Wests 0
BOTTOM OF THE 2ND
Wests Tigers batting - Pitching for East Sydney Roosters : RHP Ron Anderson
Batting: RHB Joe Minto 0-0: Ball
1-0: Swinging Strike
1-1: Foul Ball, location: 3F
1-2: Ball
2-2: Strikes out looking
Batting: LHB Rapata Kaulo 0-0: Foul Ball, location: 7LMF
0-1: Ball
1-1: Ball
2-1: Called Strike
2-2: Ball
3-2: Fly out, F8 (Flyball, 8RXD, EV 107.5 MPH)
Batting: RHB Shane Esmond 0-0: Called Strike
0-1: DOUBLE (Line Drive, 89D, EV 106.3 MPH)
Batting: RHB Paul Llewellyn 0-0: Called Strike
0-1: Swinging Strike
0-2: Ball
1-2: Ball
2-2: Strikes out swinging
Bottom of the 2nd over - 0 runs, 1 hit, 0 errors, 1 left on base; East Sydney 0 - Wests 0
TOP OF THE 3RD
East Sydney Roosters batting - Pitching for Wests Tigers : RHP Steven Webster
Batting: RHB Adrian Maccley 0-0: Ball
1-0: TRIPLE (Groundball, 3L, EV 101.3 MPH)
Batting: RHB Ron Anderson 0-0: Called Strike
0-1: Ball
1-1: Swinging Strike
1-2: Ball
2-2: Foul Ball, location: 3FF
2-2: Strikes out looking
Batting: RHB Irving Dorset 0-0: Ball
1-0: Ball
2-0: Foul Ball, location: 5FF
2-1: Foul Ball, location: 2F
2-2: Fly out, F8 (Flyball, 89M, EV 85.6 MPH)
Runner from 3rd tags up, SCORES, throw by CF
Batting: LHB Kole Hancock 0-0: Called Strike
0-1: Ball
1-1: Foul Ball, location: 2F
1-2: Ball
2-2: Ball
3-2: Base on Balls
Batting: SHB Daren Simmons 0-0: 2-RUN HOME RUN (Flyball, 9D, EV 107.5 MPH), Distance : 403 ft
Batting: LHB Tal-hun Uhm 0-0: Foul Ball, location: 9LDF
0-1: Foul Ball, location: 2F
0-2: Ball
1-2: Foul Ball, location: 2F
1-2: Strikes out looking
Top of the 3rd over - 3 runs, 2 hits, 0 errors, 0 left on base; East Sydney 3 - Wests 0
BOTTOM OF THE 3RD
Wests Tigers batting - Pitching for East Sydney Roosters : RHP Ron Anderson
Batting: RHB Steven Webster 0-0: Called Strike
0-1: Foul Ball, location: 3F
0-2: Ground out 6-3 (Groundball, 6, EV 78.8 MPH)
Batting: RHB Luke Fowke 0-0: Called Strike
0-1: Ball
1-1: Ball
2-1: Called Strike
2-2: Foul Ball, location: 2F
2-2: Foul Ball, location: 3SF
2-2: SINGLE (Groundball, 6D, EV 105.0 MPH)
Batting: RHB Joel Farrell 0-0: Called Strike
0-1: Ball
1-1: Ball
2-1: Foul Ball, location: 23F
2-2: Foul Ball, location: 2RF
2-2: Strikes out swinging
Batting: LHB Greyson Leeder 0-0: Foul Ball, location: 2F
0-1: Swinging Strike
0-2: Ball
1-2: Ball
2-2: Ball
3-2: Strikes out swinging
Bottom of the 3rd over - 0 runs, 1 hit, 0 errors, 1 left on base; East Sydney 3 - Wests 0
TOP OF THE 4TH
East Sydney Roosters batting - Pitching for Wests Tigers : RHP Steven Webster
Batting: LHB Cristian Trewhella 0-0: Called Strike
0-1: Foul Ball, location: 2F
0-2: Foul Ball, location: 7LDF
0-2: Ball
1-2: Fly out, F8 (Flyball, 8RM, EV 92.5 MPH)
Batting: RHB Tommie Milsom 0-0: Ball
1-0: Called Strike
1-1: Foul Ball, location: 2F
1-2: Strikes out swinging
Batting: RHB Joel Nicholson 0-0: Foul Ball, location: 2F
0-1: Swinging Strike
0-2: Ball
1-2: Foul Ball, location: 25F
1-2: Ball
2-2: Foul Ball, location: 2F
2-2: Ball
3-2: Foul Ball, location: 5FF
3-2: Strikes out swinging
Top of the 4th over - 0 runs, 0 hits, 0 errors, 0 left on base; East Sydney 3 - Wests 0
BOTTOM OF THE 4TH
Wests Tigers batting - Pitching for East Sydney Roosters : RHP Ron Anderson
Batting: LHB Daniel Bryan 0-0: Foul Ball, location: 25F
0-1: Called Strike
0-2: Foul Ball, location: 2F
0-2: Ball
1-2: Ground out 4-3 (Groundball, 4, EV 78.8 MPH)
Batting: RHB Joe Minto 0-0: Swinging Strike
0-1: Ball
1-1: SINGLE (Groundball, 34D, EV 95.6 MPH)
Batting: LHB Rapata Kaulo 0-0: Ball
1-0: Ball
2-0: Called Strike
2-1: Ball
3-1: Base on Balls
Joe Minto to second
Batting: RHB Shane Esmond 0-0: Fly out, F3 (Popup, 34S, EV 69.4 MPH)
Batting: RHB Paul Llewellyn 0-0: Ball
1-0: Called Strike
1-1: Foul Ball, location: 9LSF
1-2: SINGLE (Flyball, 89S, EV 94.4 MPH)
Joe Minto to third
Rapata Kaulo to second
Runner from 3rd tries for Home, SAFE, throw by CF to home
Batting: RHB Steven Webster 0-0: Fielders Choice at 2nd, 6-4 (Groundball, 6, EV 87.5 MPH)
Bottom of the 4th over - 1 run, 2 hits, 0 errors, 2 left on base; East Sydney 3 - Wests 1
TOP OF THE 5TH
East Sydney Roosters batting - Pitching for Wests Tigers : RHP Steven Webster
Batting: RHB Adrian Maccley 0-0: Ball
1-0: Called Strike
1-1: Foul Ball, location: 5FF
1-2: Foul Ball, location: 2F
1-2: Ball
2-2: DOUBLE (Flyball, 78D, EV 108.1 MPH)
Batting: RHB Ron Anderson 0-0: Sac Bunt to 25 - play at first, batter OUT! 5-4
Adrian Maccley to third
Batting: RHB Irving Dorset 0-0: Fly out, F7 (Flyball, 7LD, EV 93.1 MPH)
Batting: LHB Kole Hancock 0-0: Called Strike
0-1: Foul Ball, location: 23FF
0-2: Ball
1-2: Ball
2-2: Ball
3-2: Foul Ball, location: 5SF
3-2: Foul Ball, location: 25FF
3-2: Ground out 4-3 (Groundball, 34, EV 81.9 MPH)
Top of the 5th over - 0 runs, 1 hit, 0 errors, 1 left on base; East Sydney 3 - Wests 1
BOTTOM OF THE 5TH
Wests Tigers batting - Pitching for East Sydney Roosters : RHP Ron Anderson
Batting: RHB Luke Fowke 0-0: Called Strike
0-1: Ball
1-1: SINGLE (Line Drive, 5D, EV 103.8 MPH)
Batting: RHB Joel Farrell 0-0: Foul Ball, location: 3SF
0-1: Ball
1-1: Foul Ball, location: 7LDF
1-2: DOUBLE (Line Drive, 7LM, EV 105.6 MPH)
Luke Fowke to third
Batting: LHB Greyson Leeder 0-0: Ball
1-0: DOUBLE (Line Drive, 78XD, EV 106.9 MPH)
Luke Fowke scores
Joel Farrell scores
Batting: LHB Daniel Bryan 0-0: Called Strike
0-1: Ball
1-1: Foul Ball, location: 7LDF
1-2: Ball
2-2: Foul Ball, location: 2F
2-2: Ball
3-2: Strikes out swinging
Batting: RHB Joe Minto 0-0: Ball
1-0: Ground out 5-3 (Groundball, 56, EV 79.4 MPH)
Greyson Leeder to third
Batting: LHB Rapata Kaulo 0-0: Called Strike
0-1: Foul Ball, location: 2F
0-2: Ball
1-2: Ball
2-2: Ball
3-2: Fly out, F6 (Popup, 6MS, EV 71.3 MPH)
Bottom of the 5th over - 2 runs, 3 hits, 0 errors, 1 left on base; East Sydney 3 - Wests 3
TOP OF THE 6TH
East Sydney Roosters batting - Pitching for Wests Tigers : RHP Steven Webster
Batting: SHB Daren Simmons 0-0: Called Strike
0-1: SINGLE (Groundball, 4MD, EV 108.8 MPH)
Batting: LHB Tal-hun Uhm 0-0: Called Strike
0-1: Ball
1-1: SINGLE (Groundball, 4MD, EV 101.9 MPH)
Daren Simmons to second
Batting: LHB Cristian Trewhella 0-0: Ball
1-0: Fly out, F8 (Flyball, 89S, EV 88.8 MPH)
Batting: RHB Tommie Milsom 0-0: Ball
1-0: Ball
2-0: Foul Ball, location: 3FF
2-1: Foul Ball, location: 2F
2-2: Ball
3-2: Strikes out swinging
Batting: RHB Joel Nicholson 0-0: Called Strike
0-1: Ball
1-1: Foul Ball, location: 7LDF
1-2: Ball
2-2: Foul Ball, location: 3DF
2-2: Fielders Choice at 2nd, 6-4 (Groundball, 6, EV 103.8 MPH)
Top of the 6th over - 0 runs, 2 hits, 0 errors, 2 left on base; East Sydney 3 - Wests 3
BOTTOM OF THE 6TH
Wests Tigers batting - Pitching for East Sydney Roosters : RHP Ron Anderson
Batting: RHB Shane Esmond 0-0: Called Strike
0-1: Ball
1-1: Swinging Strike
1-2: Ball
2-2: Strikes out swinging
Batting: RHB Paul Llewellyn 0-0: Fly out, F7 (Line Drive, 78M, EV 97.5 MPH)
Pinch Hitting: LHB Graeme Sayer 0-0: Called Strike
0-1: Foul Ball, location: 2F
0-2: Strikes out looking
Bottom of the 6th over - 0 runs, 0 hits, 0 errors, 0 left on base; East Sydney 3 - Wests 3
TOP OF THE 7TH
East Sydney Roosters batting - Pitching for Wests Tigers : RHP Steven Webster
Pitching: RHP David Goddard
Batting: RHB Adrian Maccley 0-0: Foul Ball, location: 2F
0-1: Foul Ball, location: 25FF
0-2: Strikes out swinging
Pinch Hitting: RHB Paul Wise 0-0: Ball
1-0: Swinging Strike
1-1: Reached on error, E5 (Groundball, 56, EV 101.9 MPH)
Batting: RHB Irving Dorset 0-0: Foul Ball, location: 5F
0-1: Ball
1-1: Swinging Strike
1-2: Ball
2-2: Foul Ball, location: 2F
2-2: Strikes out swinging
Batting: LHB Kole Hancock 0-0: Foul Ball, location: 23F
0-1: Foul Ball, location: 2F
0-2: DOUBLE (Line Drive, 9LS, EV 105.0 MPH)
Paul Wise to third
Runner from 3rd tries for Home, SAFE, no throw by RF
Batting: SHB Daren Simmons 0-0: Called Strike
0-1: Ball
1-1: Ball
2-1: Foul Ball, location: 25F
2-2: Ball
3-2: Fly out, F7 (Flyball, 78M, EV 88.1 MPH)
Top of the 7th over - 1 run, 1 hit, 1 error, 1 left on base; East Sydney 4 - Wests 3
BOTTOM OF THE 7TH
Wests Tigers batting - Pitching for East Sydney Roosters : RHP Ron Anderson
Pitching: RHP John Gripton
Batting: RHB Luke Fowke 0-0: Ball
1-0: Called Strike
1-1: Foul Ball, location: 9LSF
1-2: DOUBLE (Groundball, 5L, EV 105.6 MPH)
Batting: RHB Joel Farrell 0-0: SINGLE (Groundball, 6MD, EV 94.4 MPH)
Luke Fowke to third
Batting: LHB Greyson Leeder 0-0: Ball
1-0: Ball
2-0: Foul Ball, location: 2F
2-1: Called Strike
2-2: SINGLE (Flyball, 89S, EV 92.5 MPH)
Luke Fowke scores
Joel Farrell to second
Pitching: LHP Michael Hackford
Pinch Hitting: RHB Daniel Gadd 0-0: Ball
1-0: Ball
2-0: Fly out, F9 (Flyball, 9, EV 86.3 MPH)
Pitching: RHP Dillon Patel
Batting: RHB Joe Minto 0-0: Called Strike
0-1: Swinging Strike
0-2: Ball
1-2: Grounds into double play, 4-6-3 (Groundball, 4, EV 82.5 MPH)
Bottom of the 7th over - 1 run, 3 hits, 0 errors, 1 left on base; East Sydney 4 - Wests 4
TOP OF THE 8TH
East Sydney Roosters batting - Pitching for Wests Tigers : RHP David Goddard
Now in LF: Daniel Gadd
Batting: LHB Tal-hun Uhm 0-0: Ball
1-0: Swinging Strike
1-1: Ball
2-1: Foul Ball, location: 2F
2-2: Ball
3-2: SINGLE (Groundball, 4D, EV 106.3 MPH)
Batting: LHB Cristian Trewhella 0-0: Foul Ball, location: 7LSFF
0-1: Swinging Strike
0-2: Foul Ball, location: 2F
0-2: Fielders Choice at 2nd, 6-4 (Groundball, 6, EV 100.0 MPH)
Batting: RHB Tommie Milsom 0-0: Foul Ball, location: 23F
0-1: Ball
1-1: Ball
2-1: Ball
3-1: Grounds into double play, 4-6-3 (Groundball, 4, EV 83.1 MPH)
Top of the 8th over - 0 runs, 1 hit, 0 errors, 0 left on base; East Sydney 4 - Wests 4
BOTTOM OF THE 8TH
Wests Tigers batting - Pitching for East Sydney Roosters : RHP Dillon Patel
Batting: LHB Rapata Kaulo 0-0: Foul Ball, location: 5F
0-1: Swinging Strike
0-2: Foul Ball, location: 2F
0-2: Ball
1-2: Ball
2-2: Foul Ball, location: 7LSF
2-2: Ball
3-2: Strikes out swinging
Batting: RHB Shane Esmond 0-0: Ball
1-0: Ground out 5-3 (Groundball, 56, EV 104.4 MPH)
Pinch Hitting: LHB Jim Heaver 0-0: Ball
1-0: Called Strike
1-1: Called Strike
1-2: Foul Ball, location: 2F
1-2: Strikes out swinging
Bottom of the 8th over - 0 runs, 0 hits, 0 errors, 0 left on base; East Sydney 4 - Wests 4
TOP OF THE 9TH
East Sydney Roosters batting - Pitching for Wests Tigers : RHP David Goddard
Now at 3B: Seth Carmichael
Batting: RHB Joel Nicholson 0-0: Ball
1-0: Called Strike
1-1: Called Strike
1-2: Ball
2-2: Ground out 1-3 (Groundball, 34S, EV 68.1 MPH)
Pinch Hitting: LHB Cec Chaundler 0-0: Called Strike
0-1: Foul Ball, location: 2F
0-2: Fly out, F6 (Popup, 6M, EV 63.8 MPH)
Pinch Hitting: LHB Steve O'Dea 0-0: Called Strike
0-1: Ground out 3-1 (Groundball, 34, EV 81.9 MPH)
Top of the 9th over - 0 runs, 0 hits, 0 errors, 0 left on base; East Sydney 4 - Wests 4
BOTTOM OF THE 9TH
Wests Tigers batting - Pitching for East Sydney Roosters : RHP Dillon Patel
Pitching: LHP Les Barthorpe
Now at 2B: Ed Halloway
Pinch Hitting: RHB Joe Champion 0-0: Foul Ball, location: 3F
0-1: Called Strike
0-2: Ball
1-2: Ground out 5-3 (Groundball, 56, EV 106.3 MPH)
Batting: RHB Luke Fowke 0-0: Ball
1-0: Ball
2-0: Foul Ball, location: 9LSF
2-1: DOUBLE (Line Drive, 9LM, EV 108.1 MPH)
Batting: RHB Joel Farrell 0-0: Intentional Walk
Batting: LHB Greyson Leeder 0-0: Ball
1-0: Ball
2-0: Called Strike
2-1: Ball
3-1: Swinging Strike
3-2: Grounds into double play, 6-4-3 (Groundball, 6, EV 85.0 MPH)
Bottom of the 9th over - 0 runs, 1 hit, 0 errors, 1 left on base; East Sydney 4 - Wests 4
TOP OF THE 10TH
East Sydney Roosters batting - Pitching for Wests Tigers : RHP David Goddard
Pitching: LHP Win Cantrill
Batting: RHB Irving Dorset 0-0: Ball
1-0: Called Strike
1-1: Ball
2-1: Foul Ball, location: 9LSFF
2-2: Ground out 5-3 (Groundball, 56, EV 99.4 MPH)
Batting: LHB Kole Hancock 0-0: Ball
1-0: Called Strike
1-1: Swinging Strike
1-2: Ball
2-2: Ball
3-2: Fly out, F8 (Flyball, 8LM, EV 93.1 MPH)
Batting: SHB Daren Simmons 0-0: Called Strike
0-1: Ball
1-1: Fly out, F9 (Line Drive, 9, EV 86.3 MPH)
Top of the 10th over - 0 runs, 0 hits, 0 errors, 0 left on base; East Sydney 4 - Wests 4
BOTTOM OF THE 10TH
Wests Tigers batting - Pitching for East Sydney Roosters : LHP Les Barthorpe
Batting: RHB Daniel Gadd 0-0: Ball
1-0: Ground out 5-3 (Groundball, 56S, EV 75.0 MPH)
Batting: RHB Joe Minto 0-0: Swinging Strike
0-1: Ball
1-1: Swinging Strike
1-2: SINGLE (Line Drive, 78S, EV 100.0 MPH)
Batting: LHB Rapata Kaulo 0-0: Swinging Strike
0-1: Foul Ball, location: 7LSF
0-2: SINGLE (Line Drive, 4M, EV 96.9 MPH)
Joe Minto to second
Batting: RHB Shane Esmond 0-0: Called Strike
0-1: Ball
1-1: Foul Ball, location: 9LMF
1-2: Ball
2-2: Foul Ball, location: 5F
2-2: Fielders Choice at 2nd, 5-4 (Groundball, 56S, EV 87.5 MPH)
Joe Minto to third
Batting: RHB Seth Carmichael 0-0: Called Strike
0-1: Ball
1-1: Fielders Choice at 2nd, 6-4 (Groundball, 6, EV 81.9 MPH)
Bottom of the 10th over - 0 runs, 2 hits, 0 errors, 2 left on base; East Sydney 4 - Wests 4
TOP OF THE 11TH
East Sydney Roosters batting - Pitching for Wests Tigers : LHP Win Cantrill
Batting: LHB Tal-hun Uhm 0-0: Ball
1-0: Foul Ball, location: 5F
1-1: Ball
2-1: Ball
3-1: Called Strike
3-2: Base on Balls
Batting: LHB Cristian Trewhella 0-0: Foul Ball, location: 7LMF
0-1: Ball
1-1: Foul Ball, location: 7LMF
1-2: Ball
2-2: Ball
3-2: Foul Ball, location: 7LDF
3-2: Hit by Pitch
Tal-hun Uhm to second
Batting: RHB Tommie Milsom 0-0: Bunted foul
0-1: Called Strike
0-2: Foul Ball, location: 9LMF
0-2: Ball
1-2: Fielders Choice at 2nd, 3-6 (Groundball, 3, EV 77.5 MPH)
Tal-hun Uhm to third
Batting: RHB Joel Nicholson 0-0: Ball
1-0: Swinging Strike
1-1: Called Strike
1-2: Foul Ball, location: 9LSF
1-2: Strikes out swinging
Batting: RHB Ed Halloway 0-0: Ball
1-0: Ball
2-0: Ball
3-0: Called Strike
3-1: DOUBLE (Line Drive, 9LS, EV 100.6 MPH)
Tal-hun Uhm scores
Tommie Milsom to third
Pinch Hitting: RHB Randolph Clyde 0-0: Ball
1-0: Fly out, F8 (Line Drive, 8RM, EV 95.6 MPH)
Top of the 11th over - 1 run, 1 hit, 0 errors, 2 left on base; East Sydney 5 - Wests 4
BOTTOM OF THE 11TH
Wests Tigers batting - Pitching for East Sydney Roosters : LHP Les Barthorpe
Pitching: RHP Derick Wells
Pinch Hitting: LHB Joel Whittington 0-0: Called Strike
0-1: Ball
1-1: SINGLE (Line Drive, 78M, EV 100.6 MPH)
Batting: RHB Luke Fowke 0-0: Called Strike
0-1: DOUBLE (Line Drive, 9D, EV 103.8 MPH)
Joel Whittington to third
Batting: RHB Joel Farrell 0-0: Called Strike
0-1: Ball
1-1: Ball
2-1: Foul Ball, location: 3DF
2-2: SINGLE (Groundball, 56D, EV 93.8 MPH)
Joel Whittington scores
Luke Fowke to third
Runner from 3rd tries for Home, SAFE, throw by LF to home
Bottom of the 11th over - 2 runs, 3 hits, 0 errors, 1 left on base; East Sydney 5 - Wests 6
Thursday, May 2nd , 2024 - OOTP Baseball 24.9 Build 80